[Event "XLIV Barbera del Valles-A 2022"]
[Site "Barbera del Valles"]
[Date "2022.07.04"]
[Round "1.1"]
[White "Alsina Leal, Daniel"]
[Black "Jul Perez, Alberto"]
[Result "1-0"]
[ECO "C06"]
[WhiteElo "2525"]
[BlackElo "2095"]
[Annotator "RC"]
[PlyCount "77"]
[EventDate "2022.07.04"]
[EventType "swiss"]
[EventCountry "ESP"]
[SourceTitle "playchess.com"]
[Source "ChessBase"]
[SourceQuality "1"]
[TimeControl "5400+30"]

1. e4 e6 2. d4 d5 3. Nd2 Nf6 4. e5 Nfd7 5. Bd3 c5 6. c3 Nc6 7. Ne2 cxd4 8. cxd4 f6 9. exf6 Nxf6 10. O-O Bd6 11. Nf3 O-O 12. Bf4 Bxf4 13. Nxf4 Ne4 14. Ne2 Bd7 15. Ng3 Nxg3 16. hxg3 Qf6 17. Bb5 Be8 18. Bxc6 bxc6 19. Qd2 Rb8 20. Rac1 Rb5 21. Rc3 Qe7 22. Rfc1 Qb4 23. b3 Rf5 24. Qe2 Qd6 25. Ne5 Rb6 26. Rc5 h5 27. Qe3 Ra6 28. R1c2 Rb6 29. Qc3 h4 30. gxh4 Qe7 31. g3 g5 32. hxg5 Qxg5 33. Qe3 Qh5 34. g4 Rg5 35. f3 Qh4 36. Rh2 Qg3+ 37. Kh1 Rg7 38. Rcc2 Rbb7 39. Rcg2 1-0

[Event "XLIV Barbera del Valles-A 2022"]
[Site "Barbera del Valles"]
[Date "2022.07.04"]
[Round "1.2"]
[White "Bakshi, Rutuja"]
[Black "Asis Gargatagli, Hipolito"]
[Result "0-1"]
[ECO "E62"]
[WhiteElo "2084"]
[BlackElo "2514"]
[Annotator "RC"]
[PlyCount "134"]
[EventDate "2022.07.04"]
[EventType "swiss"]
[EventCountry "ESP"]
[SourceTitle "playchess.com"]
[Source "ChessBase"]
[SourceQuality "1"]
[TimeControl "5400+30"]

1. d4 Nf6 2. Nf3 g6 3. g3 Bg7 4. Bg2 O-O 5. O-O d6 6. c4 c6 7. Nc3 Bf5 8. Nh4 Be6 9. d5 cxd5 10. cxd5 Bd7 11. h3 Qc8 12. Kh2 b5 13. a3 a5 14. e4 Na6 15. Be3 Qb7 16. f4 b4 17. Ne2 bxa3 18. bxa3 Bb5 19. Rb1 Qd7 20. Rf2 Ba4 21. Qd2 Rfc8 22. e5 Rc2 23. Qd3 Nc5 24. Bxc5 Rxc5 25. exf6 Bc2 26. Qe3 Bxf6 27. Re1 Qa4 28. Nf3 Bb3 29. Nd2 Bc2 30. Ne4 Bxe4 31. Bxe4 Rb8 32. Rf3 Rb2 33. Kh1 Rc4 34. Bd3 Rb3 35. Qd2 Qxa3 36. Bxc4 Rxf3 37. Rc1 Rf2 38. Qd3 Qc5 39. Ba2 Qb6 40. Rb1 Qa7 41. g4 h6 42. Bc4 a4 43. Ng3 Rxf4 44. Ne4 Be5 45. Rf1 Rxf1+ 46. Qxf1 a3 47. Qf2 Qa4 48. Qe2 Qb4 49. Kg2 Qb1 50. Ba2 Qa1 51. Nf2 Bd4 52. Nd1 Bb2 53. Bc4 Be5 54. Qd2 Qb1 55. Qe2 Qc1 56. Ba2 Qf4 57. Nf2 Qh2+ 58. Kf1 Bd4 59. Qf3 Bxf2 60. Qxf2 Qxh3+ 61. Qg2 Qc3 62. Qe2 Kg7 63. Kf2 Kf6 64. Kg2 Qb2 65. Qf2+ Ke5 66. Kg3 Qxf2+ 67. Kxf2 Kd4 0-1

[Event "XLIV Barbera del Valles-A 2022"]
[Site "Barbera del Valles"]
[Date "2022.07.04"]
[Round "1.3"]
[White "Cuartas, Jaime Alexander"]
[Black "Christodoulaki, Antonia"]
[Result "1-0"]
[ECO "D02"]
[WhiteElo "2513"]
[BlackElo "2067"]
[Annotator "TA"]
[PlyCount "73"]
[EventDate "2022.07.04"]
[EventType "swiss"]
[EventCountry "ESP"]
[SourceTitle "playchess.com"]
[Source "ChessBase"]
[SourceQuality "1"]
[TimeControl "5400+30"]

1. d4 Nf6 2. Nf3 e6 3. Bg5 d5 4. Nbd2 Be7 5. c3 b6 6. Bxf6 {[%emt 0:01:02] D02: 1 d4 d5 2 Nf3 sidelines, including 2...Nf6 3 g3 and 2...Nf6 3 Bf4.} gxf6 7. e3 Nd7 {[%emt 0:01:50] [#]} 8. g4 $146 (8. c4 $11) ({Predecessor:} 8. Qc2 Bb7 9. Be2 f5 10. Ne5 Nf6 11. Bb5+ Kf8 12. Ndf3 Rg8 13. O-O-O c5 14. Qe2 {0-1 (30) Basilio,A-Camargo,A Americana 1996}) 8... Bb7 9. Bd3 c5 10. h3 Qc7 11. Qe2 c4 12. Bc2 b5 13. e4 Nb6 14. e5 b4 ({Black should try} 14... a5 $15) 15. Nf1 (15. exf6 $11 Bxf6 16. cxb4) 15... bxc3 16. bxc3 Nd7 {[%emt 0:02:29] [#] Hoping for ...Qa5.} 17. Ba4 Qa5 18. Qc2 O-O-O 19. Bxd7+ Rxd7 20. Ng3 Bc6 21. Rb1 Rb7 $132 {[%emt 0:12:29][%mdl 2048] Black is not holding back} 22. O-O Ba4 23. Qd2 {[%emt 0:00:16] And now exf6 would win.} Rb5 $2 {[%emt 0:02:58] [#]} (23... fxe5 $11 {and Black has nothing to worry.} 24. Nxe5 Rf8) 24. Nh5 (24. exf6 $18 Bd6 25. Ne5) 24... f5 25. gxf5 Rg8+ 26. Kh2 exf5 (26... Rxb1 $16 27. Rxb1 exf5) 27. Ng3 (27. Rg1 $18 Rg6 28. Nf4) 27... Rg6 {[%emt 0:04:50] This move loses the game for Black.} (27... Rxb1 $16 {was necessary.} 28. Rxb1 Bd7) 28. Nxf5 Ba3 29. Rxb5 {[%emt 0:06:04] Chess con chili.} Qxb5 30. Ng5 {[%emt 0:21:50] Pair of Knights!} Qd7 31. Qf4 {[%emt 0:01:14][%cal Og5f7] Strongly threatening Nxf7!} f6 (31... Bc2 32. Ne3 Bd3) 32. Nf3 (32. e6 $142 Qc7 33. Qxc7+ Kxc7 34. Nxh7) 32... fxe5 $2 (32... Bc2 {is tougher.}) 33. Nxe5 $18 Qc7 34. Nxg6 hxg6 35. Qxc7+ Kxc7 36. Ne3 Kd6 37. Rb1 {[%emt 0:00:40] Inhibits Bb2.  Weighted Error Value: White=0.26 (precise) /Black=0.48} 1-0

[Event "XLIV Barbera del Valles-A 2022"]
[Site "Barbera del Valles"]
[Date "2022.07.04"]
[Round "1.4"]
[White "Pimpalkhare Vedant"]
[Black "Pena Gomez, Manuel"]
[Result "1/2-1/2"]
[ECO "D02"]
[WhiteElo "2057"]
[BlackElo "2492"]
[Annotator "TA"]
[PlyCount "110"]
[EventDate "2022.07.04"]
[EventType "swiss"]
[EventCountry "ESP"]
[SourceTitle "playchess.com"]
[Source "ChessBase"]
[SourceQuality "1"]
[TimeControl "5400+30"]

1. d4 Nf6 2. Nf3 g6 3. Nbd2 d5 4. e3 Bg7 5. b4 O-O 6. c4 c6 {[%emt 0:00:30] D02: 1 d4 d5 2 Nf3 sidelines, including 2...Nf6 3 g3 and 2...Nf6 3 Bf4.} 7. Be2 a5 8. b5 a4 {[%emt 0:00:30] The position is equal.} 9. Ba3 Re8 10. O-O {[%emt 0:00:30] [#]} Bg4 $146 ({Predecessor:} 10... Nbd7 11. Rc1 h6 12. Qc2 cxb5 13. cxd5 b4 14. Bxb4 Nxd5 15. Ba3 e5 16. dxe5 Nxe5 17. Nxe5 Bxe5 {1-0 (63) Ushenina,A (2440)-Abdumalik,Z (2470) St Petersburg 2018}) 11. bxc6 Nxc6 12. Rb1 Qc7 13. Qc2 (13. Rb5 $16) 13... e5 $1 $11 {[%emt 0:00:30] ...exd4 is the strong threat.} 14. cxd5 Nxd5 15. dxe5 {[%emt 0:00:30] [#]} (15. Bc4 $11 {keeps the balance.} Bxf3 16. Nxf3) 15... Nd4 $1 $17 16. Nxd4 Qxc2 17. Nxc2 {[%emt 0:00:30] Pair of Knights!} Bxe2 18. Rfc1 Nc3 19. Rb2 {[%emt 0:00:30] Strongly threatening Nd4.} Bxe5 20. Nd4 (20. Nb1 $142) 20... Bxd4 21. exd4 {[%emt 0:00:30] [#]} Ba6 $1 22. Kh1 Nb5 23. Bc5 Rac8 {[%emt 0:00:30] aiming for ...Nxd4.} 24. Ra1 ({White should play} 24. Rbb1) 24... Re2 ({Better is} 24... b6 25. Bxb6 a3) 25. Nc4 Rce8 {[%emt 0:00:30] ( -> ...Re1+)} (25... Nxd4 $5 26. Bxd4 Bxc4 27. Rxe2 Bxe2 $17) 26. Rxe2 Rxe2 27. f3 {[%emt 0:00:30] [#]} Nc3 (27... Nxd4 $1 $15 28. Nb6 (28. Bxd4 Bxc4) 28... Nf5) 28. Nb6 $1 $11 Bb5 29. a3 Bc6 30. h4 h6 31. Rc1 Nd5 (31... Na2 $5 32. Ra1 Nc3 $11) 32. Nxd5 Bxd5 {[%emt 0:00:30][%mdl 4096] Endgame KRB-KRB} 33. Bb4 Re8 {[%emt 0:00:30] Prevents Rc8.} 34. Kh2 Kg7 35. Kg3 g5 36. hxg5 hxg5 37. Re1 Rxe1 38. Bxe1 {[%emt 0:00:30] KB-KB} Kg6 39. Bb4 Kf6 40. Kf2 Ke6 41. g3 Bc6 42. Ke3 f5 43. f4 g4 44. Bf8 Kd5 45. Be7 Kc4 46. Bf8 Bd5 47. Bc5 Kc3 48. Bb4+ Kc2 49. Bc5 Kd1 50. Kf2 (50. Kd3 $11) 50... Kd2 $15 {[%emt 0:00:30] Black is slightly better.} 51. Bf8 Kd3 52. Bc5 b5 53. Bf8 Bc4 54. Bc5 Ke4 55. Bf8 Kxd4 {Weighted Error Value: White=0.14 (very precise) /Black=0.09 (flawless)} 1/2-1/2

[Event "XLIV Barbera del Valles-A 2022"]
[Site "Barbera del Valles"]
[Date "2022.07.04"]
[Round "1.5"]
[White "Narciso Dublan, Marc"]
[Black "Ortiz Verdezoto, Anahi"]
[Result "1/2-1/2"]
[ECO "C45"]
[WhiteElo "2461"]
[BlackElo "2046"]
[Annotator "TA"]
[PlyCount "68"]
[EventDate "2022.07.04"]
[EventType "swiss"]
[EventCountry "ESP"]
[SourceTitle "playchess.com"]
[Source "ChessBase"]
[SourceQuality "1"]
[TimeControl "5400+30"]

1. e4 e5 2. Nf3 Nc6 3. d4 exd4 4. Nxd4 Nf6 5. Nxc6 bxc6 6. e5 Qe7 7. Qe2 Nd5 8. c4 Ba6 9. Nd2 Nf4 (9... g6 $11 {feels stronger.}) 10. Qe4 {[%emt 0:11:02] C45: Scotch Game.} (10. Qe3 $5 Ng6 11. f4 $11) 10... Ne6 11. Be2 g6 12. O-O {[%emt 0:01:51] The position is equal.} Bg7 13. Nf3 O-O {[%emt 0:03:31] [#]} 14. Rd1 $146 ({Predecessor:} 14. b3 f5 15. exf6 Qxf6 16. Rb1 Rae8 17. Bb2 Nf4 18. Bxf6 Rxe4 19. Bxg7 Nxe2+ 20. Kh1 Kxg7 21. Rfd1 d6 22. h3 Nc3 {0-1 (22) Brock,L (2396)-Matko,O (2302) Chess.com INT 2017}) 14... Rab8 15. Qd3 Rfd8 16. Qc3 (16. Qe3 $15) 16... c5 $17 17. Be3 d6 18. Qa3 Rb6 19. exd6 Rdxd6 20. Rab1 Rxd1+ 21. Rxd1 Bxb2 22. Qa4 Nd4 23. Bf1 {[%emt 0:00:37] [#]} (23. Bxd4 $17 Bxd4 24. Bd3) 23... Nxf3+ $1 $19 {[%emt 0:04:06] Black is clearly better.} 24. gxf3 Be5 25. f4 {[%emt 0:05:05] [#]} (25. Qd7 $17 {was called for.} Qxd7 26. Rxd7) 25... Bd6 $1 26. Bg2 Bb7 {[%emt 0:01:46] ...Bxg2 is the strong threat.} 27. Bxb7 Rxb7 28. Qc6 Rb8 29. Qf3 Qf6 ({Better is} 29... Rb4 $19 30. Qd5 Qe6) 30. Kg2 (30. h3 $17 {was necessary.}) 30... Rb4 31. Rc1 Qe6 32. Qd5 Qxd5+ 33. cxd5 c4 ({Weaker is} 33... Bxf4 34. Rxc5 Bd6 35. Ra5 $17) 34. Bxa7 Bxf4 {[%emt 0:00:28] Weighted Error Value: White=0.24 (precise) /Black=0.13 (very precise)} 1/2-1/2

[Event "XLIV Barbera del Valles-A 2022"]
[Site "Barbera del Valles"]
[Date "2022.07.04"]
[Round "1.6"]
[White "Perez Bolanos, David"]
[Black "Moskalenko, Viktor"]
[Result "1/2-1/2"]
[ECO "A10"]
[WhiteElo "2041"]
[BlackElo "2457"]
[Annotator "TA"]
[PlyCount "84"]
[EventDate "2022.07.04"]
[EventType "swiss"]
[EventCountry "ESP"]
[SourceTitle "playchess.com"]
[Source "ChessBase"]
[SourceQuality "1"]
[TimeControl "5400+30"]

1. Nf3 e6 2. g3 f5 3. Bg2 Nf6 4. O-O d5 5. d3 c6 6. c4 Be7 7. b3 O-O 8. Bb2 a5 9. Nc3 {[%emt 0:00:30] A10: English Opening: Unusual Replies for Black.} Na6 10. a3 Ng4 11. e3 {[%emt 0:00:30] [#] White is slightly better.} Bd6 $146 ({Predecessor:} 11... Nc5 12. h3 Nf6 13. b4 axb4 14. axb4 Rxa1 15. Bxa1 Ncd7 16. b5 Nc5 17. bxc6 bxc6 {1-0 (38) Sivuk,V (2547)-Moskalenko,V (2477) Platja d'Aro 2021}) 12. Qc2 Qe7 13. Rfe1 Bd7 14. cxd5 (14. d4 $16) 14... cxd5 $14 15. e4 fxe4 16. dxe4 Bc5 17. Nd1 {[%emt 0:00:30] Hoping for exd5.} Bc6 (17... Rac8 $5 18. Qe2 Qd6 $14) 18. e5 (18. Nd4 $14 Qd7 19. e5) 18... Be8 ({Better is} 18... Nh6 $15) 19. Nd4 $11 Bg6 20. Qd2 Bxd4 21. Bxd4 Nc5 22. Bxc5 Qxc5 23. h3 Nh6 24. Ne3 Nf5 25. Nxf5 Bxf5 26. Rec1 Qb6 27. b4 axb4 (27... h6 {is more complex.} 28. bxa5 Rxa5 29. Ra2 Rf7) 28. Qxb4 Qxb4 29. axb4 Rxa1 30. Rxa1 {[%emt 0:00:30][%mdl 4096] Endgame KRB-KRB} Rc8 31. Ra7 b5 32. Rb7 Bd3 33. Bf3 Rc1+ 34. Kg2 Bf1+ 35. Kh2 Re1 36. Bg4 Rxe5 37. Re7 Kf8 38. Rxe6 Rxe6 39. Bxe6 d4 {[%emt 0:00:30] [#] White must now prevent ...Be2.} 40. Kg1 Bd3 41. f4 Ke7 42. Bd5 Kd6 {[%emt 0:00:30] Weighted Error Value: White=0.11 (very precise) /Black=0.08 (flawless)} 1/2-1/2

[Event "XLIV Barbera del Valles-A 2022"]
[Site "Barbera del Valles"]
[Date "2022.07.04"]
[Round "1.7"]
[White "Sanchez, Sebastian Felipe"]
[Black "Perez Bolanos, Joel"]
[Result "1-0"]
[ECO "A09"]
[WhiteElo "2440"]
[BlackElo "2036"]
[Annotator "TA"]
[PlyCount "57"]
[EventDate "2022.07.04"]
[EventType "swiss"]
[EventCountry "ESP"]
[SourceTitle "playchess.com"]
[Source "ChessBase"]
[SourceQuality "1"]
[TimeControl "5400+30"]

1. Nf3 d5 2. c4 d4 3. b4 g5 4. h3 h6 5. Bb2 Bg7 $1 6. e3 {[%emt 0:00:30][%cal Rf3d4] A09: Réti Opening: 1 Nf3 d5 2 c4.} e5 {[%emt 0:00:30] [#]} 7. Qa4+ $146 ({Predecessor:} 7. d3 Ne7 8. exd4 exd4 9. Be2 O-O 10. Nbd2 a5 11. b5 a4 12. O-O a3 13. Bc1 {0-1 (57) Maghsoodloo,P (2676)-Praggnanandhaa,R (2608) Chess.com INT 2020}) 7... Bd7 8. Qb3 {[%emt 0:00:30][%cal Re3d4] The position is equal.} Be6 9. Na3 Ne7 10. exd4 exd4 11. Bd3 O-O 12. Be4 (12. Nc2 $11) 12... a5 {[%emt 0:00:30][%cal Ba7a5,Ba5b4][%mdl 32] White must now prevent ...axb4.} (12... Nbc6 $5 ) 13. Bxb7 (13. Nc2 $1 $11) 13... Ra7 $17 14. Be4 axb4 15. Nb5 Ra6 16. Bxd4 Bxd4 17. Nbxd4 ({Much weaker is} 17. Nfxd4 c6 18. Nxe6 fxe6 $11) 17... c5 18. Nb5 {[%emt 0:00:30] [#]} f5 (18... Nbc6 $1 $17 {[%cal Rc6a5] Hoping for ...Na5.} 19. Bxc6 Nxc6) 19. Bd3 ({White should try} 19. Bc2 $1 $15) 19... Ng6 {[%emt 0:00:30][%mdl 1024] And now ...Nc6 would win. Black has strong compensation.} 20. O-O Nc6 (20... g4 $17 21. hxg4 fxg4 22. Bxg6 gxf3) 21. Rfe1 $1 $11 Nf4 (21... Qf6 $11) 22. Bf1 $1 $14 Na5 {[%emt 0:00:30] [#]} ({Better is} 22... Bc8 $14) 23. Qe3 (23. Qc2 $142 $1) 23... Nxc4 $2 {[%emt 0:00:30] Loses the game.} (23... Bxc4 $16 {keeps fighting.} 24. Bxc4+ (24. Qxc5 Bxf1 25. Rxf1 g4 $15) 24... Nxc4 25. Qxc5 Nxd2) 24. Qxc5 $18 Nxd2 $2 (24... Qb6 25. Qxb6 Nxb6) 25. Nxd2 {[%emt 0:00:30] White is clearly winning.} Qxd2 26. Nc7 Rxa2 27. Rad1 (27. Nxe6 $142 Nxe6 28. Bc4 Rxa1 29. Bxe6+ Kg7 30. Qe5+ Kg6 31. Rxa1) 27... Qc3 28. Nxe6 Nxe6 (28... Qxc5 $142 29. Nxc5 Rc2) 29. Qd5 {[%emt 0:00:30] Weighted Error Value: White=0.34/Black=0.51} (29. Bc4 $142 Ra1 30. Bxe6+ Kh7 31. Qxf8 Qxe1+ 32. Rxe1 Rxe1+ 33. Kh2 Rxe6 34. Qf7+ Kh8 35. Qxe6) 1-0

[Event "XLIV Barbera del Valles-A 2022"]
[Site "Barbera del Valles"]
[Date "2022.07.04"]
[Round "1.8"]
[White "Asensio Linan, Teodoro"]
[Black "Gkoumas, Georgios"]
[Result "0-1"]
[ECO "A00"]
[WhiteElo "2015"]
[BlackElo "2427"]
[Annotator "ChessBase"]
[PlyCount "74"]
[EventDate "2022.07.04"]
[EventType "swiss"]
[EventCountry "ESP"]
[SourceTitle "playchess.com"]
[Source "ChessBase"]
[SourceQuality "1"]
[TimeControl "5400+30"]

1. g3 e5 2. a3 d5 3. Nf3 e4 4. Nh4 Bc5 5. Nc3 Nc6 6. d3 Qf6 7. Bf4 Be6 8. Qd2 O-O-O 9. O-O-O e3 10. fxe3 g5 11. d4 Bb6 12. Be5 Nxe5 13. dxe5 Qxe5 14. Nf3 Qg7 15. Na4 Nf6 16. Nxb6+ axb6 17. Qc3 Qh6 18. Bg2 Ne4 19. Qe5 g4 20. Nd2 Nf2 21. Nb3 Rhe8 22. Nd4 f6 23. Qf4 Qxf4 24. exf4 Nxh1 25. Bxh1 c5 26. Nb5 d4 27. Be4 f5 28. Bg2 Bc4 29. a4 Bxe2 30. Rg1 Bf3 31. Bxf3 gxf3 32. Rf1 Re3 33. Na3 Rde8 34. Kd1 Rxa3 35. bxa3 Re3 36. h3 h5 37. Kd2 c4 0-1

[Event "XLIV Barbera del Valles-A 2022"]
[Site "Barbera del Valles"]
[Date "2022.07.04"]
[Round "1.9"]
[White "Munoz, Miguel"]
[Black "Sudarshan Bhat"]
[Result "1/2-1/2"]
[ECO "B20"]
[WhiteElo "2408"]
[BlackElo "2001"]
[Annotator "TA"]
[PlyCount "58"]
[EventDate "2022.07.04"]
[EventType "swiss"]
[EventCountry "ESP"]
[SourceTitle "playchess.com"]
[Source "ChessBase"]
[SourceQuality "1"]
[TimeControl "5400+30"]

1. e4 c5 2. g3 d5 3. exd5 Qxd5 4. Nf3 Bg4 5. Bg2 Qe6+ 6. Kf1 Nc6 7. h3 Bxf3 {[%emt 0:00:30] B20: Sicilian: Unusual White 2nd moves.} 8. Bxf3 Qd7 9. d3 e6 10. Be3 Nf6 11. Nc3 Be7 {[%emt 0:02:34] [#]} 12. Kg2 $146 ({Predecessor:} 12. a4 Nd4 13. Bg2 O-O 14. Kg1 Rac8 15. Kh2 Rfd8 16. a5 Nd5 17. Nxd5 exd5 18. a6 b6 19. c3 Ne6 {½-½ (19) Brochet,P (2368)-Genov,P (2467) Villeneuve Tolosane 2006}) 12... Rd8 13. Re1 Nd4 14. Kh2 O-O 15. Bg2 b5 16. a4 b4 17. Nb1 b3 18. cxb3 Nf5 {[%emt 0:05:21] Pair of Knights!} 19. Nc3 Qxd3 20. Qxd3 Rxd3 21. Bf1 Rdd8 22. Rad1 Nd4 23. Bxd4 cxd4 24. Ne4 Nxe4 25. Rxe4 {[%emt 0:00:00] The position is equal.} Bc5 26. b4 Bxb4 27. Rexd4 Rxd4 28. Rxd4 Bc5 29. Rd2 a5 {[%emt 0:02:53] Weighted Error Value: White=0.05 (flawless) /Black=0.05 (flawless)} 1/2-1/2

[Event "XLIV Barbera del Valles-A 2022"]
[Site "Barbera del Valles"]
[Date "2022.07.05"]
[Round "2.1"]
[White "Vehi Bach, Victor Manuel"]
[Black "Alsina Leal, Daniel"]
[Result "0-1"]
[ECO "D00"]
[WhiteElo "2290"]
[BlackElo "2525"]
[Annotator "TA"]
[PlyCount "72"]
[EventDate "2022.07.04"]
[EventType "swiss"]
[EventCountry "ESP"]
[SourceTitle "playchess.com"]
[Source "ChessBase"]
[SourceQuality "1"]
[TimeControl "5400+30"]

1. d4 Nf6 2. Bf4 d5 3. e3 c5 4. dxc5 e6 5. b4 a5 6. c3 {[%emt 0:00:10][%cal Bc2c3,Bc3b4][%mdl 32] D00: 1 d4 d5: Unusual lines.} ({Reject} 6. Bb5+ Bd7 7. Bxd7+ Qxd7 8. bxa5 Bxc5 $15) 6... axb4 7. cxb4 b6 $2 (7... Bd7 $11) 8. Bb5+ $2 (8. Bxb8 $16 {is forced if you want to stay better. Hoping for Be5.} Rxb8 9. Bb5+ Ke7 10. c6) 8... Bd7 $17 9. Bxd7+ Nbxd7 10. Nf3 bxc5 11. bxc5 {[%emt 0:00:22] [#]} Bxc5 $146 ({Predecessor:} 11... Qa5+ 12. Nbd2 Bxc5 13. O-O Qa4 14. Nb3 Ba3 15. Ne5 O-O 16. Rb1 Rfc8 {0-1 (16) Trakru,R (1775)-Graham,N (2262) Chess.com INT 2021}) 12. O-O O-O 13. Nbd2 Ra3 14. Nb3 Be7 15. Ne5 Qa8 {[%emt 0:00:00] Against Nc6} 16. Nc1 Nc5 17. f3 (17. Nb3 $17 {might work better.}) 17... Nh5 $19 18. Rf2 (18. Nb3 {is a better defense.}) 18... Bf6 19. g4 $2 (19. Rb1) 19... Nxf4 20. exf4 Bh4 (20... g5 $142 21. Qd4 {[#]} gxf4 $1 22. Qxf4 Bh4) 21. Rc2 f6 (21... Qa4 $19 22. Ne2 Be7) 22. Ned3 $17 Nxd3 23. Nxd3 Qa7+ 24. Kg2 (24. Nc5 $1 $15) 24... Qe3 25. Nc5 Rc8 (25... f5 $17 {White must now prevent ...fxg4.} 26. gxf5 Rxf5) 26. Rac1 $1 $15 h5 27. gxh5 Rc6 {[%emt 0:00:00] Black is much more active.} 28. Nb3 Rxc2+ (28... Rc4 $5) 29. Rxc2 Qxf4 {[%emt 0:00:31] Black wants to play ...Kf7.} 30. Qe2 (30. Qd3 $1 $11 f5 31. Qd4 Qxd4 32. Nxd4) 30... Qe5 (30... Qf5 $17 {Strongly threatening ...Kh7.} 31. Rc6 Qxh5 32. Qxe6+ Kh7) 31. Qd3 $11 {[%emt 0:00:57] [#] White wants to mate with Rc8+.} f5 32. Re2 (32. Qb5 $11 Be7 33. Qe8+ Bf8 34. Nc5) 32... Qf6 $36 {[%emt 0:00:07][%mdl 2048] Black is more active.} 33. f4 {[%emt 0:01:22] Prevents Qg5+.} ({White should play} 33. Qe3 $15) 33... Ra4 (33... Kh7 $17 34. Qe3 Qh6 35. Qxe6 Qxe6 36. Rxe6 Rxa2+ 37. Kh3 Bf6) 34. Nc5 $2 (34. Qb5 $11 Re4 35. Nc5) 34... Rxf4 $19 {[%emt 0:00:34] ( -> ...Qg5+). Black is clearly winning.} 35. Nxe6 Re4 36. Rxe4 fxe4 {[%emt 0:00:15] Weighted Error Value: White=0.76/Black=0.36} 0-1

[Event "XLIV Barbera del Valles-A 2022"]
[Site "Barbera del Valles"]
[Date "2022.07.05"]
[Round "2.2"]
[White "Asis Gargatagli, Hipolito"]
[Black "Dahale, Atul"]
[Result "1-0"]
[ECO "B22"]
[WhiteElo "2514"]
[BlackElo "2162"]
[Annotator "TA"]
[PlyCount "77"]
[EventDate "2022.07.04"]
[EventType "swiss"]
[EventCountry "ESP"]
[SourceTitle "playchess.com"]
[Source "ChessBase"]
[SourceQuality "1"]
[TimeControl "5400+30"]

1. e4 c5 2. c3 d5 3. exd5 Qxd5 4. d4 Nf6 5. Nf3 e6 6. Na3 Nc6 7. Be3 cxd4 {[%emt 0:00:12] [#] B22: Sicilian: 2 c3.} 8. Nb5 $1 {[%emt 0:00:07] And now Nc7+ would win.} Qd8 {[%emt 0:00:57] Inhibits Nc7+.} (8... Qd7 9. Nbxd4) 9. Nbxd4 Bd7 {[%emt 0:12:35] The position is equal.} (9... Nd5 {is interesting.} 10. Bg5 f6 11. Bb5 Bd7) 10. Nxc6 Bxc6 {[%emt 0:02:00] [#]} 11. Qxd8+ $1 Kxd8 {[%emt 0:00:07] [#]} 12. O-O-O+ $146 ({Predecessor:} 12. Ne5 Be8 13. O-O-O+ Kc8 14. Be2 Nd5 15. Rd4 f6 16. Nd3 Nxe3 17. fxe3 Bc6 18. Bf3 {1-0 (68) Hindermann,F (2293)-Maksimovic,B (2452) Chess.com INT 2021}) 12... Ke8 {[%emt 0:00:26] [#]} 13. Ne5 $1 Nd5 14. Bd4 {[%emt 0:04:25] White is more active.} ({But not} 14. Nxc6 Nxe3 15. fxe3 bxc6 $11) 14... f6 15. Nxc6 bxc6 16. c4 Nb6 17. g3 c5 18. Be3 Rd8 19. Re1 Kf7 20. b3 Bd6 21. Bh3 Rhe8 22. Re2 Bf8 23. Rhe1 Nd7 24. Bf4 {[%emt 0:01:46] Inhibits Ne5.} f5 25. Bg2 {[%emt 0:08:29] Bc6 is the strong threat.} Nf6 26. Bc6 Re7 27. Rd1 Rc8 28. Bb5 {[%emt 0:00:20] This bishop pair is nice.} Ne4 29. Be5 $36 {[%emt 0:00:51][%mdl 2048] Prevents Nc3. White has strong initiative.} Kg6 30. h4 Rf7 $2 (30... Kf7 31. f3 Nf6) 31. f3 Nf6 32. Bf4 Nh5 $2 (32... e5) 33. Rxe6+ $18 Rf6 34. Re8 Nxf4 35. Rxc8 Ne2+ 36. Kc2 {[%emt 0:00:26][%cal Ob3b4] Strongly threatening b4!} Nxg3 $2 (36... Nd4+ {might work better.} 37. Kb1 a5) 37. b4 {[%emt 0:00:41] White is clearly winning.} cxb4 38. c5 Kh5 39. c6 {[%emt 0:06:50] Black got outplayed after the opening.  Weighted Error Value: White=0.08 (flawless) /Black=0.35} 1-0